 Dungeon Crawl Stone Soup version 0.32-a0-640-gc5db3fc80f (webtiles) character file.

Game seed: 16798417749908665383

170 minbekrie the Chopper (level 5, -1/38 (41) HPs)
             Began as a Formicid Fighter on Mar 7, 2024.
             Slain by Sigmund
             ... wielding a +3 scythe of freezing
              (4 damage)
             ... on level 3 of the Dungeon.
             The game lasted 00:03:09 (2644 turns).

minbekrie the Chopper (Formicid Fighter)            Turns: 2644, Time: 00:03:10

HP:   -1/38 (41)    AC:  6    Str: 22    XL:     5   Next: 80%
MP:   5/5           EV:  9    Int:  8    God:
Gold: 100           SH:  7    Dex: 13    Spells: 4/4 levels left

rFire   . . .        a - +0 war axe
rCold   . . .        o - +2 buckler
rNeg    . . .        b - +0 scale mail
rPois   .            (helmet unavailable)
rElec   .            (no cloak)
rCorr   .            (no gloves)
SInv    +            (no boots)
Will    .....        (no amulet) Stlth
                     (no ring)
HPRegen 0.26/turn    (no ring)
MPRegen 0.09/turn

%: no passive effects
@: drained
A: permanent stasis, dig shafts and tunnels, antennae 3, four strong arms
a: Dig, Shaft Self


You were on level 3 of the Dungeon.
You visited 1 branch of the dungeon, and saw 3 of its levels.

You collected 100 gold pieces.

Inventory:

Hand Weapons
 a - a +0 war axe (weapon)
 k - a +1 hand axe of flaming
Missiles
 q - 4 atropa-tipped darts
 r - 4 poisoned darts (quivered)
Armour
 b - a +0 scale mail (worn)
 o - a +2 buckler (worn)
Wands
 m - a wand of iceblast (7)
Scrolls
 e - 3 scrolls of identify {unknown}
 g - a scroll of poison {unknown}
 j - a scroll of immolation {unknown}
 l - a scroll of teleportation {unknown}
 n - a scroll of enchant weapon {unknown}
 s - a scroll of silence {unknown}
Potions
 c - a potion of degeneration {unknown}
 d - 3 potions of might
 f - a potion of heal wounds {unknown}
 h - 3 potions of enlightenment {unknown}
 i - a potion of experience {unknown}
 p - a potion of ambrosia {unknown}
 t - a potion of magic {unknown}


   Skills:
 - Level 3.2 Fighting
 + Level 5.5 Axes
 - Level 3.2 Armour
 - Level 4.0 Shields


You had 4 spell levels left.
You didn't know any spells.
Your spell library contained the following spells:

 Spells                   Type           Power      Damage    Failure   Level
 Tukima's Dance           Hex            0%         N/A       99%         3
 Passage of Golubria      Tloc           0%         N/A       100%        4
 Yara's Violent Unravell  Hex/Alch       0%         3d3       100%        5


Dungeon Overview and Level Annotations

Branches:
Dungeon (3/15)

Altars:
Uskayaw

Annotations:
D:3 Sigmund


Innate Abilities, Weirdness & Mutations

You cannot be hasted, slowed, berserked, paralysed or teleported.
You can dig through walls and to a lower floor.
You have a pair of large antennae on your head. (SInv)
Your four strong arms can wield two-handed weapons with a shield.


Message History

You now have 100 gold pieces (gained 5).
Found a quarterstaff.
You see here a +0 quarterstaff.
Sigmund the Dreaded comes into view.
He is wielding a +3 scythe of freezing.
Sigmund shouts!
You throw a poisoned dart.
The poisoned dart closely misses Sigmund.
Sigmund points at you and mumbles some strange words.
You are confused.
You throw a poisoned dart.
Sigmund points at you and mumbles some strange words.
You resist with some effort.
You bump into the rock wall.
You bump into the rock wall.
Sigmund laughs darkly.
Sigmund misses you.
You bump into the rock wall.
Sigmund gestures at you while chanting. The magic dart hits you!
You feel less confused. Sigmund attacks as he pursues you!
Sigmund hits you from afar with a +3 scythe of freezing.
Sigmund freezes you.
You see here a poisoned dart.
You slash Sigmund!
Sigmund is moderately wounded.
Sigmund hits you with a +3 scythe of freezing.
Sigmund freezes you.
You hit Sigmund.
Sigmund is heavily wounded.
Sigmund hits you with a +3 scythe of freezing!
Sigmund freezes you.
* * * LOW HITPOINT WARNING * * *
You slash Sigmund!
Sigmund is severely wounded.
Sigmund hits you with a +3 scythe of freezing!
* * * LOW HITPOINT WARNING * * *
Sigmund freezes you.
You die...
Sigmund begins carving another notch in his scythe.

#.#
.#######.##.##
#.#
.........##.##
#.#
...########.##
#)# #.## #.#
#.## #.# #.##
##.# #(##
#####..#####.#
#
........@@...(#
######.########
#. #. #. #. #.


You could see Sigmund.

Vanquished Creatures
  An orc wizard (D:3)
  6 gnolls (D:2)
  2 adders (D:2)
  A dart slug (D:1)
  A ribbon worm (D:2)
  4 orcs (D:3)
  4 ball pythons
  4 endoplasms
  A giant cockroach (D:3)
  7 goblins
  7 hobgoblins
  2 jackals (D:1)
  4 kobolds
  3 quokkas
  5 bats
  3 frilled lizards
  3 rats
58 creatures vanquished.

Notes
Turn   | Place    | Note
-------+----------+-------------------------------------------
     0 | D:1      | minbekrie the Formicid Fighter began the quest for the Orb.
     0 | D:1      | Reached XP level 1. HP: 18/18 MP: 1/1
   255 | D:1      | Reached XP level 2. HP: 14/24 MP: 2/2
   367 | D:1      | Reached skill level 3 in Axes
   552 | D:1      | Reached XP level 3. HP: 29/29 MP: 3/3
  1323 | D:2      | Found a hide-covered altar of Uskayaw.
  1466 | D:2      | Reached skill level 4 in Axes
  1466 | D:2      | Reached XP level 4. HP: 35/35 MP: 4/4
  2013 | D:2      | Reached XP level 5. HP: 41/41 MP: 5/5
  2019 | D:2      | Reached skill level 5 in Axes
  2633 | D:3      | Noticed Sigmund
  2644 | D:3      | Slain by Sigmund

Illustrated notes

Levels and vault maps discovered:
D:1:      elethiomel_arrival_infinity_welcomes_careful_drivers, layout_basic
D:2:      layout_basic, basic_altar
D:3:      layout_loops_ring, minmay_between, uniq_sigmund

Skill      XL: |  1  2  3  4  5 |
---------------+----------------+-----
Axes           | 3 4 5 |  5.5
Fighting       | |  3.2
Armour         | |  3.2
Shields        | |  4.0

Action                     |  1- 3 |  4- 6 || total
---------------------------+-------+-------++-------
  Melee: War axe           |    82 |   103 ||   185
  Throw: Dart              |       |     2 ||     2
 Armour: Scale mail        |    54 |    87 ||   141
  Dodge: Dodged            |    31 |    45 ||    76
  Block: Buckler           |    25 |    52 ||    77

Table legend: (Time is in decaauts)
 A = Elapsed time spent in this place.
 B = Non-inter-level travel time spent in this place.
 C = Inter-level travel time spent in this place.
 D = Time resting spent in this place.
 E = Time spent auto-exploring this place.
 F = Levels seen in this place.
 G = Mean time per level.
                   A        B        C        D        E       F      G
               +--------+--------+--------+--------+--------+-----+--------+
         Total |   2703 |   2574 |    129 |    289 |   1825 |   3 |  901.0 |
       Dungeon |   2703 |   2574 |    129 |    289 |   1825 |   3 |  901.0 |
               +--------+--------+--------+--------+--------+-----+--------+

Top non-repeatable levels by time:
     D:2: 1365 daAuts
     D:1: 1002 daAuts
     D:3: 336 daAuts
